 Dungeon Crawl Stone Soup version 0.31.0-32-g396128a36d (webtiles) character file.

Game seed: 2380148883512989670

104 Dvallin the Ruffian (level 4, -4/35 HPs)
             Began as a Draconian Shapeshifter on Apr 7, 2024.
             Slain by an orc
             ... wielding a +0 trident
              (7 damage)
             ... on level 3 of the Dungeon.
             The game lasted 00:04:49 (1378 turns).

Dvallin the Ruffian (Draconian Shapeshifter)        Turns: 1378, Time: 00:04:50

Health: -4/35      AC:  5    Str: 16    XL:     4   Next: 52%
Magic:  4/4        EV: 12    Int: 11    God:
Gold:   143        SH:  0    Dex: 12    Spells: 3/3 levels left

rFire   . .          .
                       - Unarmed
rCold   . . .        (no shield)
rNeg    . . .        (body armour unavailable)
rPois   .            (helmet currently unavailable)
rElec   .            (cloak currently unavailable)
rCorr   .            (gloves currently unavailable)
SInv    .            (boots currently unavailable)
Will    .....        (no amulet)
Stlth   +            (no ring)
HPRegen 0.25/turn    (no ring)
MPRegen 0.09/turn

%: no passive effects
@: beast-form
A: beast (slay +1), AC +5, unfitting armour, cold-blooded
a: Begin Untransformation


You were on level 3 of the Dungeon.
You were a hulking beast.
You visited 1 branch of the dungeon, and saw 3 of its levels.

You collected 143 gold pieces.

Inventory:

Armour
 j - a +0 pair of gloves
Jewellery
 e - an amulet of reflection
Talismans
 b - a beast talisman
 c - a flux talisman
Scrolls
 f - 2 scrolls of teleportation {unknown}
 h - 3 scrolls of fear {unknown}
 l - a scroll of vulnerability {unknown}
 n - a scroll of blinking {unknown}
Potions
 a - 2 potions of lignification
 d - 2 potions of mutation {unknown}
 g - a potion of curing {unknown}
 i - a potion of enlightenment {unknown}
 k - a potion of berserk rage {unknown}
 m - 2 potions of attraction {unknown}


   Skills:
 - Level 1.1 Fighting
 - Level 1.8 Dodging
 + Level 5.3 Unarmed Combat
 - Level 3.0 Shapeshifting


You had 3 spell levels left.
You didn't know any spells.
Your spell library contained the following spells:

 Spells                   Type           Power      Damage    Failure   Level
 Freeze                   Ice            0%         1d3       34%         1
 Sandblast                Erth           0%         2d4       34%         1
 Scorch                   Fire           0%         2d5       47%         2
 Frozen Ramparts          Ice            0%         1d1       71%         3
 Hailstorm                Conj/Ice       0%         3d5       71%         3
 Passwall                 Erth           0%         N/A       71%         3
 Stone Arrow              Conj/Erth      0%         3d7       71%         3
 Brom's Barrelling Bould  Conj/Erth      0%         2d3       98%         4
 Flame Wave               Conj/Fire      0%         2d4       98%         4
 Summon Cactus Giant      Summ           0%         N/A       100%        6


Dungeon Overview and Level Annotations

Branches:
Dungeon (3/15)

Altars:


Innate Abilities, Weirdness & Mutations

You are a hulking beast.
Your limbs bulge with bestial killing power. (Slay +1)
Your plain brown scales are hard. (AC +5)
You cannot fit into any form of body armour.
You are cold-blooded and may be slowed by cold attacks.


Message History

The orc priest miscasts a cantrip.
An orc wizard comes into view. It is wielding a +1 vampiric dagger.
The orc wizard shouts!
An orc comes into view. It is wielding a +0 trident.
You hit the orc priest.
The orc priest is lightly wounded.
The orc closely misses you.
You punch the orc priest!
The orc priest is severely wounded.
The orc priest closely misses you.
The orc wizard hits you but does no damage.
The orc hits you but does no damage.
You completely miss the orc priest.
The orc priest is heavily wounded.
The orc priest completely misses you.
The orc hits you from afar with a +0 trident.
The orc wizard misses you.
You hit the orc priest but do no damage.
You tail-slap the orc priest, but do no damage.
The orc priest is heavily wounded.
The orc priest calls down the wrath of Beogh upon you.
Beogh smites you! The orc closely misses you.
The orc wizard hits you with a +1 vampiric dagger.
You hit the orc priest.
Your tail-slap misses the orc priest.
The orc priest is almost dead.
The orc priest hits you with a +0 club.
* * * LOW HITPOINT WARNING * * *
The orc barely misses you.
The orc wizard hits you with a +1 vampiric dagger.
* * * LOW HITPOINT WARNING * * *
You punch the orc priest!
You kill the orc priest!
The orc wizard hits you but does no damage.
The orc hits you from afar with a +0 trident.
* * * LOW HITPOINT WARNING * * *
The orc wizard gestures wildly while chanting.
The orc wizard flickers and vanishes!
Deactivating autopickup; reactivate with Ctrl-A.
The orc hits you from afar with a +0 trident!
You die...

#########
#.....{.####
#....o.h...# #.....#
#.....##...## #.....#
#.....#8...8#
###.....# #####
##...#####.......
######## #...#
........# #......#
##...##..#......#
#......#
###.#8...8##....(...#
#......#
#...##...#### ###...#
#......####...
#...##8###8#...#


You could see an orc.

Vanquished Creatures
  An orc priest (D:3)
  3 adders
  A ribbon worm (D:2)
  5 bats
  6 endoplasms
  3 giant cockroaches
  5 goblins
  5 hobgoblins
  A quokka (D:2)
  A ball python (D:3)
  3 frilled lizards
  2 kobolds
  8 rats
44 creatures vanquished.

Notes
Turn   | Place    | Note
-------+----------+-------------------------------------------
     0 | D:1      | Dvallin the Draconian Shapeshifter began the quest for the
                  | Orb.
     0 | D:1      | Reached XP level 1. HP: 16/16 MP: 1/1
   131 | D:1      | Reached XP level 2. HP: 23/23 MP: 2/2
   644 | D:2      | Reached skill level 4 in Unarmed Combat
   689 | D:2      | Reached XP level 3. HP: 27/28 MP: 3/3
  1288 | D:3      | Reached skill level 5 in Unarmed Combat
  1288 | D:3      | Reached XP level 4. HP: 32/35 MP: 4/4
  1378 | D:3      | Slain by an orc

Illustrated notes

Levels and vault maps discovered:
D:1:      psy_arrival_dodecagon, layout_basic
D:2:      layout_rooms
D:3:      layout_rooms, mainiacjoe_overflow_catwalk, serial_corexii_hall,
          corexii_hall_statues_l, corexii_hall_statues_l,
          chequers_hall_statues_wall_a, uniq_crazy_yiuf_cottage

Skill      XL: |  1  2  3 |
---------------+----------+-----
Unarmed Combat | 4 5 |  5.3
Fighting       | |  1.1
Dodging        | |  1.8
Shapeshifting  | |  3.0

Action                     |  1- 3 |  4- 6 || total
---------------------------+-------+-------++-------
  Melee: Unarmed           |    91 |     7 ||    98
         Tailslap          |     9 |     1 ||    10
         Punch             |     2 |       ||     2
 Armour: Skin              |    38 |     9 ||    47
  Dodge: Dodged            |    45 |     6 ||    51
